 Dungeon Crawl Stone Soup version 0.30-a0-920-g7493c07aab (webtiles) character file.

Game seed: 7079957309509910031

23291 Lobster4 the Summoner (level 13, -4/76 HPs)
             Began as a Tengu Summoner on Mar 20, 2023.
             Was an Initiate of Gozag.
             Slain by Fannar
             ... wielding a staff of cold
              (25 damage)
             ... on level 2 of the Lair of Beasts on Mar 21, 2023.
             The game lasted 01:05:04 (18678 turns).

Lobster4 the Summoner (Tengu Summoner)             Turns: 18678, Time: 01:05:05

Health: -4/76      AC:  8    Str:  9    XL:     13   Next: 5%
Magic:  25/33      EV: 33    Int: 25    God:    Gozag
Gold:   1921       SH:  5    Dex: 14    Spells: 8/26 levels left

rFire   . . .      SeeInvis .    I - +2 short sword (drain)
rCold   . . .      Faith    .    F - +0 buckler
rNeg    . . .      Spirit   .    v - +4 toga "Victory" {*Victory Int+4 Slay+4 Clar}
rPois   .          Reflect  .    (helmet restricted)
rElec   .          Rampage  .    p - +1 cloak
rCorr   .          Clarity  +    (no gloves)
Will    .....                    (boots unavailable)
Stlth   ++                       z - amulet of the acrobat
HPRegen 0.32/turn                g - ring of magical power
MPRegen 0.23/turn                (no ring)

@: acrobatic, flying quickly and evasively, quick
A: beak, talons 3, nimble flight
a: Renounce Religion, Potion Petition, Call Merchant, Bribe Branch


You were on level 2 of the Lair of Beasts.
You worshipped Gozag.
Gozag was most pleased with you.
You visited 3 branches of the dungeon, and saw 14 of its levels.

You collected 2322 gold pieces.
You spent 264 gold pieces at shops.
You paid 137 gold pieces to Gozag.

Inventory:

Hand Weapons
 a - a +0 short sword of holy wrath
 l - a +0 sling
 I - a +2 short sword of draining (weapon)
 Q - a +2 short sword of venom
Missiles
 c - 19 boomerangs (quivered)
 B - 27 poisoned darts
 K - a curare-tipped dart
Armour
 p - a +1 cloak (worn)
 u - the +1 ring mail "Noat" {Rampage rF+ Str+3}
   (You found it on level 3 of the Dungeon)

   Str:       It affects your strength (+3).
   rF:        It protects you from fire.
   Rampage:   It bestows one free step when moving towards enemies.
 v - the +4 toga "Victory" (worn) {*Victory Int+4 Slay+4 Clar}
   (You found it on level 4 of the Dungeon)

   *Victory:  When the wearer kills a threatening monster, it has a chance to
   gain +1 AC, +1 Slay, and +1 Int, capping at +7.
   When the wearer uses a scroll or a potion with a hostile monster in sight,
   its bonuses reset to +0.
   Unequipping it also resets its bonuses to +0.
   Int:       It affects your intelligence (+4).
   Slay:      It affects your accuracy & damage with ranged weapons and melee
   (+4).
   Clar:      It protects you against confusion.
 F - a +0 buckler (worn)
 G - a +2 robe of fire resistance
 H - a +2 kite shield
Jewellery
 g - a ring of magical power (left hand)
 z - an amulet of the acrobat (around neck)
 C - a ring of fire
 M - a ring of resist corrosion
 O - a +6 ring of intelligence
Wands
 e - a wand of light (2)
 k - a wand of flame (58)
 y - a wand of iceblast (3)
 D - a wand of digging (5)
 J - a wand of charming (9)
 R - a wand of polymorph (6)
Scrolls
 d - 2 scrolls of enchant armour
 i - a scroll of fear {unknown}
 m - a scroll of silence
 n - 3 scrolls of enchant weapon
 q - 3 scrolls of blinking
 r - 2 scrolls of fog
 s - 5 scrolls of identify
 x - a scroll of immolation
 A - 3 scrolls of teleportation
 L - 2 scrolls of magic mapping
 N - 2 scrolls of amnesia {unknown}
 P - a scroll of poison {unknown}
Potions
 b - 2 potions of magic
 f - 8 potions of curing
 h - 5 potions of brilliance
 j - 4 potions of haste
 o - 6 potions of mutation
 t - 6 potions of might
 w - a potion of cancellation
 E - 2 potions of heal wounds
 S - 2 potions of lignification


   Skills:
 + Level 7.2 Fighting
 + Level 5.4 Short Blades
 - Level 1.0 Throwing
 + Level 7.1 Armour
 + Level 8.0 Dodging
 - Level 2.0 Stealth
 + Level 6.4 Shields
 + Level 7.0 Spellcasting
 - Level 3.0 Hexes
 * Level 13.3 Summonings
 - Level 2.0 Transmutations
 + Level 8.7 Air Magic
 - Level 2.0 Earth Magic
 - Level 3.0 Evocations


You had 8 spell levels left.
You knew the following spells:

 Your Spells              Type           Power      Damage    Failure   Level
a - Summon Small Mammal   Summ           100%       N/A       1%          1
b - Call Imp              Summ           66%        N/A       1%          2
c - Call Canine Familiar  Summ           66%        N/A       1%          3
d - Summon Guardian Gole  Hex/Summ       49%        N/A       1%          3
e - Summon Lightning Spi  Summ/Air       59%        N/A       1%          4
f - Passwall              Tmut/Erth      15%        N/A       5%          2
s - Swiftness             Air            51%        N/A       1%          3

Your spell library contained the following spells:

 Spells                   Type           Power      Damage    Failure   Level
 Slow                     Hex            92%        N/A       2%          1
 Sandblast                Erth           36%        2d10      3%          1
 Cigotuvi's Dreadful Rot  Necr/Pois/Air  46%        N/A       3%          2
 Summon Ice Beast         Ice/Summ       42%        N/A       5%          4
 Ensorcelled Hibernation  Hex/Ice        32%        N/A       7%          2
 Confusing Touch          Hex            23%        N/A       8%          3
 Apportation              Tloc           16%        N/A       9%          1
 Freeze                   Ice            32%        1d5       9%          1
 Magic Dart               Conj           32%        1d4       9%          1
 Blink                    Tloc           16%        N/A       13%         2
 Lesser Beckoning         Tloc           16%        N/A       13%         2
 Momentum Strike          Conj/Tloc      16%        3d8       13%         2
 Searing Ray              Conj           16%        2d5       13%         2
 Sublimation of Blood     Necr           8%         N/A       13%         2
 Inner Flame              Hex/Fire       16%        N/A       14%         3
 Stone Arrow              Conj/Erth      26%        3d8       17%         3
 Ignite Poison            Fire/Tmut/Pois 12%        N/A       19%         3
 Cause Fear               Hex            11%        N/A       24%         4
 Frozen Ramparts          Ice            16%        1d3       26%         3
 Hailstorm                Conj/Ice       8%         3d4       26%         3
 Ozocubu's Armour         Ice            8%         N/A       26%         3
 Vampiric Draining        Necr           8%         2d6       26%         3
 Fulminant Prism          Conj/Hex       8%         3d6       41%         4
 Sticky Flame             Conj/Fire      8%         2d3       63%         4
 Alistair's Intoxication  Tmut/Pois      8%         N/A       83%         5
 Conjure Ball Lightning   Conj/Air       15%        3x3d6     91%         6
 Storm Form               Tmut/Air       17%        N/A       100%        7
 Discord                  Hex            11%        N/A       100%        8
 Disjunction              Tloc           4%         N/A       100%        8
 Ignition                 Fire           4%         3d4       100%        8
 Maxwell's Capacitive Co  Air            25%        ∞         100%        8


Dungeon Overview and Level Annotations

Branches:
Dungeon (11/15)            Temple (1/1) D:7            Lair (2/5) D:8
  Snake (0/4) Lair:2          Orc (0/2) D:10
  Swamp: Lair:2-3    Shoals: Lair:2-3

Altars:
Ashenzari
Cheibriados
Dithmenos
Elyvilon
Fedhas
Gozag
Hepliaklqana
Kikubaaqudgha
Makhleb
Nemelex Xobeh
Okawaru
Qazlal
Ru
Sif Muna
Trog
Uskayaw
Vehumet
Wu Jian
Xom
Yredelemnul
Zin
The Shining One

Shops:
D:3 =   D:7 *

Annotations:
Lair:2 Fannar


Innate Abilities, Weirdness & Mutations

You have a beak for a mouth.
You have claws for feet.
Your magical nature lets you fly swiftly and evasively.


Message History

Your warg bites Fannar but does no damage.
A nearby plant withers and dies.
Fannar completely misses you.
Your warg bites Fannar!
The ice beast hits your guardian golem. Flame seeps out of your guardian golem.
The ice beast freezes your guardian golem.
Your guardian golem resists.
Flame seeps out of your guardian golem.
Your guardian golem is engulfed in blazing flames.
Flame seeps out of your guardian golem.
A nearby fungus withers and dies.
Your quokka bites the ice beast.
The ice beast barely misses your warg.
Your guardian golem is engulfed in blazing flames.
Flame seeps out of your guardian golem.
Your warg bites Fannar!
Fannar hits you with a staff of cold. Fannar freezes you!
Your quokka bites the ice beast.
Your warg bites Fannar but does no damage.
Your quokka bites the ice beast but does no damage.
The ice beast hits your warg but does no damage.
Your lightning spire shoots out a bolt of lightning at the ice beast!
The bolt of electricity hits the ice beast!
Your guardian golem is engulfed in blazing flames.
Flame seeps out of your guardian golem. Fannar completely misses you.
Your warg closely misses Fannar.
Your quokka barely misses the ice beast.
The ice beast hits your lightning spire but does no damage.
Your lightning spire shoots out a bolt of lightning at the ice beast!
The bolt of electricity hits the ice beast!
The ice beast dies!
The ice beast disappears in a puff of smoke!
Fannar hits you with a staff of cold. Fannar freezes you.
* * * LOW HITPOINT WARNING * * *
Your warg barely misses Fannar.
Fannar misses you.
Your warg barely misses Fannar.
Your warg bites Fannar!
Fannar completely misses you.
Your quokka bites Fannar but does no damage.
Your warg bites Fannar!
Fannar casts a spell.
Fannar drains the heat from the surrounding environment!
You die...
Your body crumbles into a pile of gold.

##........##..............#
..........#..8..>..8..#..
.#.##......#..........#..
#........##....8........
.........#.##...(.##....
....P........###+.## .#..
....#........# .. P#.#
.#..+........#
#..#...@..### .......e###
#...).9hr# ........8#
.#......## $ ........#
......... ........#
.........


You could see Fannar (ally target), a friendly guardian golem (summoned, inner
flame), a friendly warg (summoned, sheltered), a friendly lightning spire
(summoned, sheltered) and a friendly quokka (summoned, sheltered).

Vanquished Creatures
  A boulder beetle (D:9)
  A black mamba (Lair:1)
  A kobold demonologist (D:10)
  A wyvern (D:6)
  Duvessa (D:4)
  A sky beast (D:7)
  3 centaurs
  2 kobold brigands
  3 bullfrogs
  A scorpion (D:4)
  A jelly (D:4)
  2 orc priests
  An orc wizard (D:9)
  A hound skeleton (D:3)
  A gnoll (D:3)
  An adder (D:4)
  2 white imps (D:7)
  2 ufetubi (D:5)
  7 orcs
  3 endoplasms
  4 goblins
  4 hobgoblins
  4 jackals
  6 kobolds
  6 quokkas
  5 ball pythons
  4 bats
  2 frilled lizards
  3 rats
74 creatures vanquished.

Vanquished Creatures (collateral kills)
  A centaur warrior (D:11)
  A two-headed ogre (D:11)
  A fire crab (D:9)
  A deep elf pyromancer (D:7)
  A cyclops (D:11)
  A gargoyle (D:11)
  A black mamba (Lair:1)
  2 cane toads (Lair:1)
  Psyche (D:9)
  3 komodo dragons
  Grinder (D:3)
  A polar bear (Lair:1)
  A hornet (D:9)
  8 blink frogs
  A slime creature (D:9)
  A shadow (D:6)
  A vampire (D:9)
  3 wraiths
  12 yaks
  A steam dragon (D:8)
  2 basilisks
  A wyvern (D:9)
  4 vampire mosquitoes
  3 nagas (Lair:2)
  11 water moccasins
  8 orc warriors
  5 black bears
  9 wolves
  3 ogres
  A centaur (D:10)
  3 phantoms
  Blork the orc (D:5)
  4 scorpions
  6 bullfrogs
  2 gnoll sergeants
  2 wights (D:7)
  Dowan (D:4)
  3 howler monkeys (D:11)
  3 hounds
  A jelly (D:6)
  6 orc priests
  A sleepcap (D:6)
  Crazy Yiuf (D:2)
  3 iguanas
  9 orc wizards
  A centaur simulacrum (D:9)
  A hound skeleton (D:3)
  Robin (D:2)
  16 gnolls
  8 adders
  A white imp (D:6)
  An ufetubus (D:5)
  An adder zombie (D:3)
  A worm (D:2)
  49 orcs
  2 bats
  6 endoplasms
  4 giant cockroaches
  8 goblins
  4 hobgoblins
  5 jackals
  A quokka (D:2)
  5 ball pythons
  A giant cockroach zombie (D:3)
  7 kobolds
  A rat (D:1)
260 creatures vanquished.

Vanquished Creatures (others)
  A great orb of eyes (D:9)
  A centaur warrior (D:9)
  A two-headed ogre (D:11)
  An ugly thing (D:11)
  A cane toad (Lair:2)
  A freezing wraith (D:11)
  A troll (D:10)
  A hornet (D:9)
  3 yaks
  A wyvern (shapeshifter) (D:9)
  A vampire mosquito (D:10)
  2 orc warriors
  4 wolves
  A wight (D:7)
  An orc priest (D:10)
  2 orcs
  35 fungi
  46 plants
  A withered plant (D:3)
105 creatures vanquished.

Grand Total: 439 creatures vanquished

Notes
Turn   | Place    | Note
-------+----------+-------------------------------------------
     0 | D:1      | Lobster4 the Tengu Summoner began the quest for the Orb.
     0 | D:1      | Reached XP level 1. HP: 10/10 MP: 4/4
    68 | D:1      | Found a faded altar of an unknown god.
   264 | D:1      | Reached skill level 5 in Summonings
   317 | D:1      | Reached XP level 2. HP: 15/15 MP: 6/6
   740 | D:1      | Learned a level 2 spell: Call Imp
   783 | D:1      | Reached XP level 3. HP: 9/20 MP: 4/7
  1250 | D:2      | Reached skill level 1 in Armour
  1268 | D:2      | Found a runed translucent door.
  1269 | D:2      | Noticed Crazy Yiuf
  1320 | D:2      | Killed Crazy Yiuf
  1321 | D:2      | Reached skill level 1 in Fighting
  1321 | D:2      | Reached XP level 4. HP: 10/25 MP: 1/8
  2015 | D:2      | Found a broken altar of Ashenzari.
  2188 | D:2      | Reached skill level 1 in Short Blades
  2422 | D:3      | Gained mutation: Your magical nature lets you fly swiftly
                  | and evasively. [Tengu growth]
  2422 | D:3      | Reached XP level 5. HP: 29/29 MP: 6/9
  2486 | D:3      | Identified the +1 ring mail "Noat" {Rampage rF+ Str+3}
  2645 | D:3      | Reached skill level 6 in Summonings
  2804 | D:3      | Noticed Grinder
  2897 | D:3      | Paralysed by Grinder for 3 turns
  2920 | D:3      | Paralysed by Grinder for 5 turns
  2993 | D:3      | Paralysed by Grinder for 3 turns
  2999 | D:3      | Paralysed by Grinder for 4 turns
  3004 | D:3      | Killed Grinder
  3005 | D:3      | Reached skill level 1 in Throwing
  3005 | D:3      | Reached XP level 6. HP: 34/35 MP: 8/11
  3131 | D:3      | Learned a level 3 spell: Call Canine Familiar
  3182 | D:3      | Found a hide-covered altar of Uskayaw.
  3303 | D:3      | Reached XP level 7. HP: 40/40 MP: 9/12
  3405 | D:3      | Noticed Robin
  3803 | D:2      | Killed Robin
  3908 | D:3      | Found Juqiepex's Jewellery Shop.
  4419 | D:3      | Upgraded the game from 0.30-a0-918-g0ff054e9dc to
                  | 0.30-a0-920-g7493c07aab
  4424 | D:3      | Learned a level 4 spell: Summon Lightning Spire
  4458 | D:4      | Reached skill level 7 in Summonings
  4622 | D:4      | Reached skill level 1 in Air Magic
  4879 | D:4      | Found the +0 toga "Victory" {*Victory Clar}
  5517 | D:4      | Noticed Dowan
  5519 | D:4      | Noticed Duvessa
  5542 | D:4      | Killed Duvessa
  5543 | D:4      | Reached XP level 8. HP: 19/46 MP: 12/14
  5554 | D:4      | Killed Dowan
  5878 | D:5      | Entered Level 5 of the Dungeon
  5898 | D:5      | Reached skill level 1 in Shields
  6154 | D:5      | Reached skill level 8 in Summonings
  6651 | D:5      | Noticed Blork the orc
  6662 | D:5      | Killed Blork the orc
  6852 | D:5      | Reached skill level 5 in Dodging
  7074 | D:5      | Reached XP level 9. HP: 52/52 MP: 9/16
  7875 | D:6      | Reached skill level 9 in Summonings
  8660 | D:6      | Learned a level 3 spell: Summon Guardian Golem
  8821 | D:7      | Reached skill level 5 in Armour
  8828 | D:7      | Found a staircase to the Ecumenical Temple.
  8853 | Temple   | Entered the Ecumenical Temple
  9083 | Temple   | Became a worshipper of Gozag Ym Sagoz the Greedy
  9405 | D:7      | Reached skill level 5 in Air Magic
  9598 | D:7      | Found Kueturri's General Store.
  9604 | D:7      | Bought a book of Burglary for 220 gold pieces
  9604 | D:7      | Bought a scroll of identify for 22 gold pieces
  9604 | D:7      | Bought a scroll of identify for 22 gold pieces
  9610 | D:7      | Learned a level 3 spell: Swiftness
  9660 | D:7      | Reached XP level 10. HP: 58/58 MP: 18/18
  9719 | D:7      | Noticed a deep elf pyromancer
  9727 | D:7      | Killed a deep elf pyromancer
  9728 | D:7      | Reached skill level 5 in Spellcasting
  9728 | D:7      | Reached skill level 10 in Summonings
 10350 | D:4      | Reached skill level 5 in Fighting
 10909 | D:8      | Found a staircase to the Lair.
 11128 | D:8      | Found a shimmering blue altar of Sif Muna.
 11156 | D:8      | Got Jusmuk Toecs's Incunabulum of Bloody Hypothermia
 11279 | D:8      | Found a radiant altar of Vehumet.
 11447 | D:8      | Found a shadowy altar of Dithmenos.
 11450 | D:8      | Found a hazy altar of Hepliaklqana.
 12034 | D:8      | Found a blossoming altar of Fedhas.
 12449 | D:9      | Noticed Psyche
 12491 | D:9      | Killed Psyche
 12492 | D:9      | Reached skill level 11 in Summonings
 12492 | D:9      | Reached skill level 1 in Evocations
 12935 | D:9      | Noticed a centaur warrior
 12935 | D:9      | Noticed a boulder beetle
 12968 | D:9      | Killed a centaur warrior
 12969 | D:9      | Reached skill level 1 in Hexes
 12969 | D:9      | Reached XP level 11. HP: 52/64 MP: 12/20
 13044 | D:9      | Killed a boulder beetle
 13341 | D:9      | Noticed a great orb of eyes
 13341 | D:9      | Noticed a fire crab
 13354 | D:9      | Killed a fire crab
 13359 | D:9      | Killed a great orb of eyes
 13360 | D:9      | Reached skill level 5 in Shields
 13493 | D:9      | Found a glowing silver altar of Zin.
 13920 | D:9      | Found a glowing golden altar of the Shining One.
 13963 | D:10     | Entered Level 10 of the Dungeon
 14086 | D:10     | Found a staircase to the Orcish Mines.
 14667 | D:10     | Reached skill level 12 in Summonings
 14908 | D:10     | Learned a level 2 spell: Passwall
 15469 | D:11     | Noticed a cyclops
 15476 | D:11     | Killed a cyclops
 15477 | D:11     | Reached XP level 12. HP: 51/71 MP: 21/22
 15804 | D:11     | Identified the +0 ring mail "Achug" {Stlth+}
 15910 | D:11     | Reached skill level 1 in Earth Magic
 16113 | D:11     | Noticed a two-headed ogre
 16126 | D:11     | Killed a two-headed ogre
 16127 | D:11     | Reached skill level 1 in Transmutations
 16127 | D:11     | Noticed a two-headed ogre
 16139 | D:11     | Killed a two-headed ogre
 16624 | D:11     | Noticed a centaur warrior
 16631 | D:11     | Killed a centaur warrior
 16977 | Lair:1   | Entered Level 1 of the Lair of Beasts
 17571 | Lair:1   | Reached skill level 5 in Short Blades
 17797 | Lair:1   | Reached skill level 13 in Summonings
 18369 | Lair:2   | Reached XP level 13. HP: 51/76 MP: 22/24
 18624 | Lair:2   | Found a staircase to the Snake Pit.
 18662 | Lair:2   | Noticed Fannar
 18678 | Lair:2   | Slain by Fannar

Illustrated notes

Levels and vault maps discovered:
D:1:      lemuel_arrival_broad_hall, layout_loops_cross,
          shapermc_ecumenical_altar_venn
D:2:      layout_basic, basic_altar, uniq_crazy_yiuf_cottage
D:3:      layout_loops_corners, nicolae_uskayaw_dance_hall, serial_shops,
          nicolae_shop_trees, serial_undead, serial_undead_c, serial_undead_d,
          serial_undead_c, serial_undead_e, uniq_robin, uniq_grinder
D:4:      minmay_bubble_buster, layout_basic, guppyfry_early_orc_mine,
          uniq_duvessa
D:5:      layout_gridville, kennysheep_potato, uniq_blork_the_orc
D:6:      layout_loops_ring, grunt_ministairs_2, chequers_mini_garden,
          kennysheep_nub
D:7:      layout_loops_ring, minmay_temple_entry_stoned_glass, serial_shops,
          shop, skrybe_limestone_x, guppyfry_early_elven_hall
D:8:      layout_basic, riverfiend_overflow_shadow_ancestor,
          nicolae_sif_muna_condensation, fedhas_altar_4, marbit_many_paths,
          due_lair_maze_entry_diamond, serial_co_window_serial,
          co_window_paths_a, co_window_corner_a, co_window_paths_b,
          co_window_paths_b, co_window_corner_a, co_window_cross_2,
          co_window_of_opportunity_c, co_window_corner_ca, co_window_corner_b,
          co_window_of_opportunity_c, co_window_2corner, co_window_corner_b,
          glass_columns_a, glass_columns_c, glass_columns_a
D:9:      minmay_shrinking_squares, layout_loops_cross, tso_altar,
          nicolae_overflow_crystal_walls, uniq_psyche
D:10:     layout_loops_corners, david_orc_5
D:11:     layout_cave_pods
Temple:   dpeg_chambers_temple
Lair:1:   layout_long_grid, grunt_megastairs_2
Lair:2:   layout_chaotic_city, guppyfry_snake_entry_island, grunt_megastairs_3,
          infiniplex_staircase_pool_2, lemuel_fruit_tree, uniq_gastronok,
          uniq_fannar

Skill      XL: |  1  2  3  4  5  6  7  8  9 10 11 12 13 |
---------------+----------------------------------------+-----
Summonings     | 5 6 7 8 9 11 12 13 | 13.3
Armour         | 1 2 3 4 5 6 7 |  7.1
Fighting       | 1 2 3 4 5 6 7 |  7.2
Short Blades   | 1 2 4 5 |  5.4
Dodging        | 3 4 5 6 7 8 |  8.0
Throwing       | 1 |  1.0
Spellcasting   | 3 4 5 6 7 |  7.0
Air Magic      | 2 3 5 6 7 8 |  8.7
Shields        | 2 3 4 5 6 |  6.4
Evocations     | 1 3 |  3.0
Hexes          | 1 2 3 |  3.0
Earth Magic    | 2 |  2.0
Transmutations | 2 |  2.0
Stealth        | |  2.0

Action                     |  1- 3 |  4- 6 |  7- 9 | 10-12 | 13-15 || total
---------------------------+-------+-------+-------+-------+-------++-------
  Melee: Unarmed           |     5 |       |       |       |       ||     5
         Dagger            |    48 |     8 |       |       |       ||    56
         Kick              |    13 |    11 |    36 |    30 |       ||    90
         Peck              |     4 |     7 |    16 |    26 |       ||    53
         Short sword       |       |    20 |    94 |    90 |       ||   204
         Punch             |       |       |     2 |       |       ||     2
  Throw: Dart              |       |       |     3 |     1 |       ||     4
         Boomerang         |       |       |     1 |       |       ||     1
   Cast: Summon Small Mamm |    41 |    49 |   135 |   131 |     4 ||   360
         Call Imp          |     3 |    17 |    49 |    55 |     2 ||   126
         Call Canine Famil |       |       |    42 |    56 |     2 ||   100
         Summon Guardian G |       |       |     3 |    39 |     2 ||    44
         Summon Lightning  |       |       |       |    16 |     3 ||    19
  Evoke: Wand              |       |       |     4 |       |       ||     4
    Use: Scroll            |       |       |    15 |     7 |       ||    22
   Stab: Sleeping          |     2 |     1 |     3 |     1 |       ||     7
         Distracted        |       |       |     2 |       |       ||     2
 Armour: Robe              |    14 |     4 |    17 |    26 |     8 ||    69
         Animal skin       |       |       |     7 |       |       ||     7
  Dodge: Dodged            |    52 |    19 |   159 |   238 |    38 ||   506
  Block: Buckler           |       |       |       |    73 |     4 ||    77

Table legend: (Time is in decaauts)
 A = Elapsed time spent in this place.
 B = Non-inter-level travel time spent in this place.
 C = Inter-level travel time spent in this place.
 D = Time resting spent in this place.
 E = Time spent auto-exploring this place.
 F = Levels seen in this place.
 G = Mean time per level.
                   A        B        C        D        E       F      G
               +--------+--------+--------+--------+--------+-----+--------+
         Total |  17710 |  16956 |    754 |    820 |  11885 |  14 | 1265.0 |
       Dungeon |  15848 |  15146 |    702 |    725 |  10595 |  11 | 1440.7 |
        Temple |    233 |    210 |     23 |      0 |    184 |   1 |  233.0 |
          Lair |   1628 |   1600 |     28 |     95 |   1105 |   2 |  814.0 |
               +--------+--------+--------+--------+--------+-----+--------+

Top non-repeatable levels by time:
     D:4: 2332 daAuts
     D:3: 1633 daAuts
     D:9: 1540 daAuts
     D:8: 1439 daAuts
    D:10: 1433 daAuts
     D:5: 1388 daAuts
     D:6: 1363 daAuts
    D:11: 1347 daAuts
     D:2: 1289 daAuts
  Lair:1: 1182 daAuts
     D:1: 1129 daAuts
     D:7: 950 daAuts
  Lair:2: 445 daAuts
  Temple: 233 daAuts
